 Dungeon Crawl Stone Soup version 0.24-a0-184-gcb5ae2c (webtiles) character file.

Game seed: 17309423517165068058

305 Dfrag the Firebug (level 6, 37/41 HPs)
             Began as a Demonspawn Fire Elementalist on Mar 15, 2019.
             Quit the game on level 4 of the Dungeon.
             The game lasted 00:03:29 (2400 turns).

Dfrag the Firebug (Demonspawn Fire Elementalist)    Turns: 2400, Time: 00:03:30

Health: 37/41      AC:  2    Str:  8    XL:     6   Next: 16%
Magic:  0/11       EV: 12    Int: 18    God:
Gold:   113        SH:  0    Dex: 14    Spells: 4/12 levels left

rFire    . . .     SeeInvis .   p - +0 whip (elec)
rCold    . . .     Gourm    .   (no shield)
rNeg     . . .     Faith    .   a - +0 robe
rPois    .         Spirit   .   (no helmet)
rElec    .         Reflect  .   (no cloak)
rCorr    .         Harm     .   (no gloves)
MR       .....                  (no boots)
Stlth    ++........             (no amulet)
HPRegen  0.13/turn              l - ring of wizardry
MPRegen  0.12/turn              (no ring)

@: very slightly contaminated
A: claws 2, spiny 1
a: no special abilities


You were on level 4 of the Dungeon.
You were hungry.

You visited 1 branch of the dungeon, and saw 4 of its levels.

You collected 113 gold pieces.

Inventory:

Hand Weapons
 p - a +0 whip of electrocution (weapon)
Armour
 a - a +0 robe (worn)
Jewellery
 l - a ring of wizardry (left claw)
Scrolls
 b - a scroll of magic mapping {unknown}
 e - 5 scrolls of identify {unknown}
 g - a scroll of random uselessness {unknown}
 h - a scroll of immolation {unknown}
 i - 4 scrolls of remove curse {unknown}
 m - a scroll of enchant armour {unknown}
Potions
 d - a potion of ambrosia {unknown}
 f - a potion of agility {unknown}
 j - a potion of curing {unknown}
 k - a potion of lignification {unknown}
 n - a potion of mutation {unknown}
Comestibles
 c - 4 rations


   Skills:
 - Level 1.7 Dodging
 - Level 1.7 Stealth
 + Level 3.8 Spellcasting
 + Level 3.6 Conjurations
 + Level 4.2 Fire Magic


You had 4 spell levels left.
You knew the following spells:

 Your Spells              Type           Power        Failure   Level  Hunger
a - Flame Tongue          Conj/Fire      ###..        1%          1    None
b - Conjure Flame         Conj/Fire      ###.....     3%          3    ###....
c - Sticky Flame          Conj/Fire      ###.....     12%         4    ####...

Your spell library contained the following spells:

 Spells                   Type           Power        Failure   Level  Hunger
 Throw Flame              Conj/Fire      ###...       1%          2    ##.....
 Inner Flame              Hex/Fire       ##......     8%          3    ###....
 Fireball                 Conj/Fire      ###.......   32%         5    ######.


Dungeon Overview and Level Annotations

Branches:
Dungeon (4/15)
 Temple: D:4-7

Altars:


Innate Abilities, Weirdness & Mutations

You have very sharp fingernails.
You are partially covered in sharp spines.


Message History

The orc complains noisily.
The orc barely misses you.
You hit Sigmund but do no damage.
Sigmund is almost dead.
Sigmund burns!
You kill Sigmund!
Reactivating autopickup.
Your Conjurations skill increases to level 3!
Your Fire Magic skill increases to level 4!
You have reached level 6!
Your experience leads to an increase in your attributes!
Increase (S)trength, (I)ntelligence, or (D)exterity?
You feel clever.
Your demonic ancestry asserts itself...
Sharp spines emerge from parts of your body.
The orc is struck by your spines. The orc misses you.
You barely miss the orc.
The orc is almost dead.
The orc is struck by your spines.
You kill the orc!
Are you sure you want to abandon this character and quit the game? (Confirm with "yes".)

#########.
.........
.........
##....$.# .
###..)...#
....#...@)...#
.......<.....#
.............#
........#....#
.......###...#
......# #..#
#..... #..#
####.. ..# ###
..


There were no monsters in sight!

Vanquished Creatures
  Sigmund (D:4)
  An iguana (D:3)
  3 adders
  4 worms
  2 dart slugs (D:2)
  4 leopard geckos
  6 orcs
  4 giant cockroaches
  2 goblins (D:3)
  7 hobgoblins
  7 jackals (D:3)
  8 bats
  4 frilled lizards
  7 kobolds
  4 rats
64 creatures vanquished.

Notes
Turn   | Place    | Note
-------+----------+-------------------------------------------
     0 | D:1      | Dfrag the Demonspawn Fire Elementalist began the quest for
                  | the Orb.
     0 | D:1      | Reached XP level 1. HP: 13/13 MP: 3/3
   375 | D:1      | Gained mutation: You have sharp fingernails. [demonic
                  | ancestry]
   375 | D:1      | Reached XP level 2. HP: 19/19 MP: 3/5
   443 | D:1      | Reached skill level 3 in Fire Magic
   755 | D:2      | Reached XP level 3. HP: 18/24 MP: 2/6
  1446 | D:3      | Reached XP level 4. HP: 30/30 MP: 4/8
  1746 | D:3      | Learned a level 3 spell: Conjure Flame
  1751 | D:3      | Learned a level 4 spell: Sticky Flame
  2003 | D:3      | Gained mutation: You have very sharp fingernails. [demonic
                  | ancestry]
  2003 | D:3      | Reached XP level 5. HP: 25/35 MP: 1/9
  2288 | D:4      | Noticed Sigmund
  2398 | D:4      | Killed Sigmund
  2398 | D:4      | Reached skill level 4 in Fire Magic
  2398 | D:4      | Gained mutation: You are partially covered in sharp spines.
                  | [demonic ancestry]
  2398 | D:4      | Reached XP level 6. HP: 37/41 MP: 0/11
  2400 | D:4      | Quit the game

Levels and vault maps discovered:
D:1:      dpeg_arrival_arbitrary_c, layout_basic, interstate_on_off,
          minmay_octomino_e4
D:2:      layout_loops_ring
D:3:      layout_basic
D:4:      layout_layer_cave, first_ration, hangedman_decor_peaks_small,
          uniq_sigmund

Skill      XL: |  1  2  3  4  5 |
---------------+----------------+-----
Fire Magic     | 3 4 |  4.2
Conjurations   | 2 3 |  3.6
Spellcasting   | 3 |  3.8
Dodging        | |  1.7
Stealth        | |  1.7

Action                   |  1- 3 |  4- 6 || total
-------------------------+-------+-------++-------
Melee: Unarmed           |    24 |    22 ||    46
       Whip              |       |    17 ||    17
 Cast: Flame Tongue      |    68 |    59 ||   127
       Sticky Flame      |       |     2 ||     2
  Eat: Chunk             |     2 |     3 ||     5
Armor: Robe              |     8 |     6 ||    14
Dodge: Dodged            |    29 |    55 ||    84

Table legend:
 A = Non-vault XP
 B = Vault XP
 C = Vault XP percentage of total XP
 D = Non-vault monster count
 E = Vault monster count
 F = Vault count percentage of total count
                 A         B        C        D         E       F
            +---------+---------+-------+---------+---------+-------
      Total |     200 |     237 |  54.2 |      59 |       5 |   7.8
            +---------+---------+-------+---------+---------+-------
        D:1 |      16 |       6 |  27.3 |      11 |       4 |  26.7
        D:2 |      68 |       0 |   0.0 |      17 |       0 |   0.0
        D:3 |     113 |       0 |   0.0 |      30 |       0 |   0.0
        D:4 |       3 |     231 |  98.7 |       1 |       1 |  50.0
            +---------+---------+-------+---------+---------+-------
